 Dungeon Crawl Stone Soup version 0.18.1-8-gdd0e5ea (webtiles) character file.

49 Ery the Chopper (level 3, -5/33 HPs)
             Began as a Minotaur Berserker on June 7, 2016.
             Was a Believer of Trog.
             Slain by Sigmund
             ... wielding a +0 scythe
              (10 damage)
             ... on level 2 of the Dungeon.
             The game lasted 00:03:38 (2037 turns).

Ery the Chopper (Minotaur Berserker)                Turns: 2037, Time: 00:03:39

Health: -5/33      AC:  2    Str: 22    XL:     3   Next: 53%
Magic:  2/2        EV: 12    Int:  4    God:    Trog [**....]
Gold:   88         SH:  0    Dex:  9    Spells: 0 memorised, 2 levels left

rFire  . . .     SeeInvis .     a - +0 hand axe
rCold  . . .     Gourm    .     b - +0 animal skin
rNeg   . . .     Faith    .     (no shield)
rPois  .         Spirit   .     (helmet restricted)
rElec  .         Dismiss  .     (no cloak)
rCorr  .         Reflect  .     (no gloves)
SustAt .         Harm     .     (no boots)
MR     .....                    (no amulet)
Stlth  +.........               (no ring)
                                (no ring)

@: exhausted, slowed, very slow, not resistant to hostile enchantments, very
unstealthy
A: retaliatory headbutt, horns 2
a: Berserk, Trog's Hand, Burn Spellbooks, Renounce Religion


You were on level 2 of the Dungeon.
You worshipped Trog.
Trog was pleased with you.
You were very hungry.

You visited 1 branch of the dungeon, and saw 2 of its levels.

You collected 88 gold pieces.

Inventory:

Hand Weapons
 a - a +0 hand axe (weapon)
Armour
 b - a +0 animal skin (worn)
Jewellery
 j - an uncursed ring of resist corrosion {unknown}
Scrolls
 e - 2 scrolls of recharging {unknown}
 f - a scroll of identify {unknown}
 g - a scroll of remove curse {unknown}
 k - a scroll of blinking {unknown}
 l - a scroll of immolation {unknown}
 m - a scroll of amnesia {unknown}
Potions
 i - a potion of cure mutation {unknown}
Comestibles
 c - 2 bread rations
 d - 2 royal jellies
 h - 3 meat rations


   Skills:
 + Level 4.2 Fighting
 + Level 4.4 Axes
 + Level 2.7 Armour
 + Level 2.7 Dodging
 + Level 0.3 Stealth


You had 2 spell levels left.
You didn't know any spells.

Dungeon Overview and Level Annotations

Branches:
Dungeon (2/15)

Altars:

Annotations:
D:2 Sigmund


Innate Abilities, Weirdness & Mutations

You reflexively headbutt those who attack you in melee.
You have a pair of horns on your head.


Message History

You closely miss Sigmund.
Sigmund is moderately wounded.
You closely miss Sigmund.
Sigmund is moderately wounded.
Sigmund barely misses you.
You closely miss Sigmund.
Sigmund is moderately wounded.
Sigmund closely misses you.
You closely miss Sigmund. You headbutt Sigmund!
Sigmund is severely wounded.
You are no longer berserk.
You are exhausted.
You feel yourself slow down.
You are feeling very hungry.
Sigmund says, "Don't worry, I'll kill you fast."
Sigmund barely misses you.
You're too confused to move!
Sigmund hits you but does no damage.
You feel less confused. Sigmund hits you with a scythe!
You die...

....## #.......# .....#
#.###.# .....# #..)..#
(..(.# ############..##
.....# ##..........#..##
...((###...............#
....###..............#.#
.........)...รท..@....#.###
.....##..)......@.........#
(....##......)............#
.)...##......<............#
.....###..................#
.....# ##.................#
..(.## ###.######.........
...## #.# #........# ####
#.# ###.#######
#######.####...#


You could see Sigmund.

Vanquished Creatures
  A dart slug (D:1)
  2 giant geckos (D:1)
  5 goblins (D:1)
  7 hobgoblins
  4 jackals (D:2)
  7 bats
  4 giant newts
  8 kobolds
  4 rats
42 creatures vanquished.

Notes
Turn   | Place    | Note
--------------------------------------------------------------
     0 | D:1      | Ery the Minotaur Berserker began the quest for the Orb.
     0 | D:1      | Reached XP level 1. HP: 19/19 MP: 0/0
   551 | D:1      | Reached XP level 2. HP: 27/27 MP: 1/1
  1488 | D:1      | Reached XP level 3. HP: 33/33 MP: 2/2
  1566 | D:2      | Reached ** piety under Trog
  1737 | D:2      | Noticed Sigmund
  2037 | D:2      | Slain by Sigmund

Skill      XL: |  1  2 |
---------------+-------+-----
Axes           | 4 |  4.4
Fighting       | 4 |  4.2
Armour         | |  2.7
Dodging        | |  2.7
Stealth        | |  0.3

Action                   || total
-------------------------++-------
Melee: Hand axe          ||    75
       Headbutt          ||     9
Invok: Berserk           ||     1
  Eat: Chunk             ||     3
Armor: Animal skin       ||    34
Dodge: Dodged            ||    85
